 Dungeon Crawl Stone Soup version 0.31-a0-859-g9dce7d3444 (webtiles) character file.

Game seed: 8663144701974566979

1264 Dirtsage the Ruffian (level 8, -1/50 HPs)
             Began as an Octopode Shapeshifter on Oct 9, 2023.
             Was a Follower of Wu Jian.
             Slain by Menkaure (11 damage)
             ... on level 5 of the Dungeon.
             The game lasted 00:10:16 (4970 turns).

Dirtsage the Ruffian (Octopode Shapeshifter)        Turns: 4970, Time: 00:10:16

Health: -1/50      AC:  1    Str: 15    XL:     8   Next: 52%
Magic:  8/8        EV: 13    Int: 13    God:    Wu Jian [*.....]
Gold:   242        SH:  0    Dex: 17    Spells: 7/7 levels left

rFire   . .          .
                       - Unarmed
rCold   . . .        (shield currently unavailable)
rNeg    . . .        (helmet restricted)
rPois   .            (no amulet)
rElec   .            n - ring of flight
rCorr   .            l - +6 ring of dexterity
SInv    .            (no ring)
Will    .....        (no ring)
Stlth   +            (no ring)
HPRegen 0.28/turn    (no ring)
MPRegen 0.11/turn    (no ring)
                     (no ring)

%: no passive effects
@: flux-form, flying, glowing
A: glow, contaminating, almost no armour, amphibious, 8 rings, camouflage 1,
gelatinous body 1, (nimble swimmer 1), tentacles
a: Begin Untransformation, Renounce Religion


You were on level 5 of the Dungeon.
You worshipped Wu Jian.
Wu Jian was aware of your devotion.
You were something dangerously unstable.
You visited 2 branches of the dungeon, and saw 6 of its levels.

You collected 242 gold pieces.

Inventory:

Missiles
 o - a throwing net
Jewellery
 l - a +6 ring of dexterity (right tentacle)
 n - a ring of flight (left tentacle)
Talismans
 b - a beast talisman
 c - a flux talisman (active)
 p - a dragon-blood talisman
Wands
 e - a wand of iceblast (5)
 u - a wand of flame (25)
Scrolls
 f - a scroll of silence
 g - a scroll of revelation
 h - 3 scrolls of immolation
 i - 3 scrolls of identify
 k - 3 scrolls of fog {unknown}
 m - a scroll of teleportation {unknown}
 t - a scroll of acquirement {unknown}
Potions
 a - a potion of lignification
 d - 2 potions of attraction
 j - 3 potions of heal wounds {unknown}
 q - a potion of enlightenment {unknown}
 r - a potion of degeneration {unknown}
 s - a potion of brilliance {unknown}
 v - a potion of curing {unknown}


   Skills:
 + Level 1.9 Fighting
 - Level 2.0 Dodging
 * Level 7.3 Unarmed Combat
 * Level 7.3 Shapeshifting


You had 7 spell levels left.
You didn't know any spells.
Your spell library contained the following spells:

 Spells                   Type           Power      Damage    Failure   Level
 Kiss of Death            Conj/Necr      0%         2d5       30%         1
 Blink                    Tloc           0%         N/A       43%         2
 Lesser Beckoning         Tloc           0%         N/A       43%         2
 Momentum Strike          Conj/Tloc      0%         3d8       43%         2
 Confusing Touch          Hex            0%         N/A       67%         3
 Hailstorm                Conj/Ice       0%         3d3       67%         3
 Brom's Barrelling Bould  Conj/Erth      0%         2d3       97%         4
 Dispel Undead            Necr           0%         3d6       97%         4
 Summon Ice Beast         Ice/Summ       0%         N/A       97%         4
 Fireball                 Conj/Fire      0%         3d3       100%        5
 Iskenderun's Battlesphe  Conj           0%         2d6       100%        5
 Conjure Ball Lightning   Conj/Air       0%         3x3d6     100%        6
 Simulacrum               Ice/Necr       0%         N/A       100%        6
 Orb of Destruction       Conj           0%         9d5       100%        7
 Ozocubu's Refrigeration  Ice            0%         4d7       100%        7
 Polar Vortex             Ice            0%         N/A       100%        9


Dungeon Overview and Level Annotations

Branches:
Dungeon (5/15)             Temple (1/1) D:4

Altars:
Ashenzari
Fedhas
Gozag
Hepliaklqana
Kikubaaqudgha
Makhleb
Nemelex Xobeh
Okawaru
Qazlal
Ru
Sif Muna
Trog
Uskayaw
Vehumet
Wu Jian
Yredelemnul
Zin
The Shining One

Annotations:
D:5 Dowan, Duvessa, Menkaure


Innate Abilities, Weirdness & Mutations

You are something dangerously unstable.
You glow with magical radiation, making you easy to see and hit.
Foes you strike become dangerously contaminated with magical radiation.
You are incapable of wielding weapons or throwing items.
You cannot wear most types of armour.
You are amphibious.
You can wear up to eight rings at the same time.
Your skin changes colour to match your surroundings (Stealth+).
Your rubbery body absorbs attacks. (AC +1, EV +1)
((You are camouflaged when in or above water. (Stealth+)))
You have tentacles for arms and can constrict up to eight enemies at once.


Message History

You bludgeon the jelly!
The jelly begins to glow.
Your tentacles burn!
The jelly is heavily wounded.
The jelly hits you. The acid corrodes you!
You are splashed with acid!
You take 12 damage, and have 35/50 hp.
MASSIVE DAMAGE!!
You tentacle-slap the jelly.
The jelly glows dangerously bright.
Your tentacles burn!
The jelly is severely wounded.
The jelly hits you.
You are splashed with acid!
You take 13 damage, and have 22/50 hp.
MASSIVE DAMAGE!!
You bludgeon the jelly!
You kill the jelly!
The Council accepts your kill.
You start resting.
You are no longer corroded.
You regained 4 hp, and now have 26/50 hp.
HP restored.
You now have 242 gold pieces (gained 12).
Menkaure, Prince of Dust comes into view.
Health restored: 50 Menkaure shouts!
Menkaure calls on the powers of darkness!
Your body is wracked with pain!
You take 24 damage, and have 26/50 hp.
MASSIVE DAMAGE!!
Menkaure points at you and mumbles some strange words.
Pain shoots through your body!
You take 1 damage, and have 25/50 hp.
Menkaure gestures wildly while chanting.
Menkaure seems to speed up.
You bludgeon Menkaure!
Menkaure begins to glow.
You grab Menkaure.
Menkaure is moderately damaged.
You constrict Menkaure, but do no damage.
Menkaure hits you!
* * * LOW HITPOINT WARNING * * *
You take 15 damage, and have 10/50 hp.
MASSIVE DAMAGE!!
You tentacle-slap Menkaure.
Menkaure glows dangerously bright.
You squeeze Menkaure.
Menkaure is severely damaged.
You constrict Menkaure, but do no damage.
Menkaure hits you!
You die...

...##......# ....#......#
..## ....####..8# ##.≈≈##
.......###### #..≈≈≈##
#.........#... #.≈≈≈≈≈###
#.........#...######)≈≈≈≈≈≈≈#
##.......##..........≈≈≈≈≈≈≈
.#.......#.....M.!##.≈≈≈≈≈≈≈
# ###.....##......p....≈≈≈#
##.#
####...##.....###.##..≈≈#
.... ...#..## ...
#.###.≈≈##.. ≈ #.###.# . #.#
#..##.# #≈≈ ...#..##### #.#
##...####≈≈≈≈ .#........# #.#
##...≈≈≈≈≈.. .#..#####.# #.#
##........# .#..# #.#######.#
#.######.# .##.# #.........
###.#


You could see Menkaure (fast, heavy contam).

Vanquished Creatures
  Pikel (D:4)
  An ice beast (D:5)
  An ogre (D:5)
  A lemure (D:4)
  A scorpion (D:3)
  3 orc priests (D:4)
  A hound (D:5)
  A jelly (D:5)
  Jessica (D:3)
  Ijyb (D:3)
  An iguana (D:5)
  An orc wizard (D:5)
  Robin (D:2)
  6 gnolls (D:4)
  8 adders
  A shadow imp (D:4)
  4 dart slugs
  19 orcs
  15 endoplasms
  5 giant cockroaches
  15 goblins
  10 hobgoblins
  5 jackals
  10 ball pythons
  9 bats
  5 frilled lizards
  10 kobolds
  10 rats
147 creatures vanquished.

Notes
Turn   | Place    | Note
-------+----------+-------------------------------------------
     0 | D:1      | Dirtsage the Octopode Shapeshifter began the quest for the
                  | Orb.
     0 | D:1      | Reached XP level 1. HP: 13/13 MP: 1/1
   141 | D:1      | Reached XP level 2. HP: 18/18 MP: 2/2
   420 | D:1      | Reached XP level 3. HP: 23/23 MP: 3/3
  1311 | D:2      | Reached XP level 4. HP: 14/28 MP: 4/4
  1663 | D:2      | Found a faded altar of an unknown god.
  1667 | D:2      | Noticed Robin
  1696 | D:2      | Killed Robin
  2206 | D:3      | Noticed a scorpion
  2209 | D:3      | Killed a scorpion
  2210 | D:3      | Reached skill level 5 in Unarmed Combat
  2210 | D:3      | Reached XP level 5. HP: 33/33 MP: 5/5
  2381 | D:3      | Noticed Jessica
  2383 | D:3      | Killed Jessica
  2443 | D:3      | Reached XP level 6. HP: 38/38 MP: 6/6
  2575 | D:3      | Noticed Ijyb
  2584 | D:3      | Killed Ijyb
  2864 | D:4      | Noticed Pikel
  2974 | D:4      | Reached skill level 5 in Shapeshifting
  3136 | D:4      | Identified the +9 dagger of Expedience {heavy, Int+3}
  3150 | D:4      | Found a staircase to the Ecumenical Temple.
  3164 | Temple   | Entered the Ecumenical Temple
  3173 | Temple   | Became a worshipper of the Wu Jian Council
  3443 | D:4      | Reached XP level 7. HP: 40/43 MP: 7/7
  3786 | D:4      | Killed Pikel
  3787 | D:4      | Reached XP level 8. HP: 9/48 MP: 8/8
  4263 | D:5      | Entered Level 5 of the Dungeon
  4283 | D:5      | Found a blossoming altar of Fedhas.
  4400 | D:5      | Reached * piety under Wu Jian
  4766 | D:5      | Noticed Duvessa
  4766 | D:5      | Noticed Dowan
  4963 | D:5      | Noticed Menkaure
  4970 | D:5      | Slain by Menkaure

Illustrated notes

Levels and vault maps discovered:
D:1:      kilobyte_arrival_exit_the_forest, layout_basic, minmay_tripent
D:2:      minmay_evil_eye, layout_basic, nicolae_ecumenical_snake_handling,
          nicolae_concentric_dashed_squares_wild,
          chequers_serial_rivers_micro_d, uniq_sigmund, uniq_robin
D:3:      minmay_bubble_buster, layout_basic, grunt_decor_arrowhead, uniq_ijyb,
          uniq_jessica
D:4:      layout_cave_pods, minmay_temple_entry_tees, minmay_door_square,
          minmay_misc_feat_tiny, uniq_pikel
D:5:      kennysheep_spiral_hall, layout_loops_ring, lemuel_round_altar,
          grunt_decor_junction, pf_guarded_unrand_woodcutter, uniq_menkaure,
          uniq_duvessa
Temple:   sentei_temple_godly_chess

Skill      XL: |  1  2  3  4  5  6  7  8 |
---------------+-------------------------+-----
Unarmed Combat | 4 5 6 7 |  7.3
Shapeshifting  | 4 5 6 7 |  7.3
Fighting       | |  1.9
Dodging        | |  2.0

Action                     |  1- 3 |  4- 6 |  7- 9 || total
---------------------------+-------+-------+-------++-------
  Melee: Unarmed           |    81 |   138 |    65 ||   284
         Constrict         |    13 |    40 |    14 ||    67
         Tentacles         |    10 |    26 |    16 ||    52
         Punch             |     2 |     2 |     1 ||     5
Ability: Lunge             |       |     2 |     7 ||     9
  Evoke: Wand              |       |     1 |     5 ||     6
    Use: Scroll            |     5 |       |       ||     5
         Potion            |       |     1 |       ||     1
   Stab: Sleeping          |     6 |     6 |     3 ||    15
         Distracted        |     1 |     1 |       ||     2
 Armour: Skin              |    25 |    68 |    29 ||   122
  Dodge: Dodged            |    52 |    49 |    20 ||   121
   Form: Flux              |       |       |     1 ||     1

Table legend: (Time is in decaauts)
 A = Elapsed time spent in this place.
 B = Non-inter-level travel time spent in this place.
 C = Inter-level travel time spent in this place.
 D = Time resting spent in this place.
 E = Time spent auto-exploring this place.
 F = Levels seen in this place.
 G = Mean time per level.
                   A        B        C        D        E       F      G
               +--------+--------+--------+--------+--------+-----+--------+
         Total |   4940 |   4810 |    130 |    651 |   3292 |   6 |  823.3 |
       Dungeon |   4922 |   4800 |    122 |    651 |   3292 |   5 |  984.4 |
        Temple |     18 |     10 |      8 |      0 |      0 |   1 |   18.0 |
               +--------+--------+--------+--------+--------+-----+--------+

Top non-repeatable levels by time:
     D:4: 1431 daAuts
     D:2: 1050 daAuts
     D:1: 928 daAuts
     D:3: 810 daAuts
     D:5: 701 daAuts
  Temple: 18 daAuts
